 Dungeon Crawl Stone Soup version 0.26.0-18-gc5c842f807 (webtiles) character file.

Game seed: 2072011265396464480

11255 trckry the Basher (level 11, -31/94 HPs)
             Began as a Minotaur Fighter on Jan 23, 2021.
             Was an Elder of Makhleb.
             Annihilated by a boulder beetle (47 damage)
             ... on level 11 of the Dungeon.
             The game lasted 00:22:52 (10953 turns).

trckry the Basher (Minotaur Fighter)               Turns: 10953, Time: 00:22:52

Health: -31/94     AC: 13    Str: 24    XL:     11   Next: 46%
Magic:  14/14      EV:  9    Int:  3    God:    Makhleb [****..]
Gold:   468        SH: 17    Dex: 10    Spells: 10/10 levels left

rFire    . . .     SeeInvis .   a - +0 morningstar
rCold    + + .     Faith    .   i - +0 tower shield
rNeg     . . .     Spirit   .   D - +1 scale mail {rC+}
rPois    +         Reflect  .   (helmet restricted)
rElec    .         Harm     .   u - +0 cloak
rCorr    .         Rampage  .   (no gloves)
Will     +....                  m - +0 pair of boots
Stlth    ..........             (no amulet)
HPRegen  0.25/turn              c - ring of poison resistance
MPRegen  0.14/turn              n - ring of protection from cold

@: berserk cooldown, slowed, very slow
A: retaliatory headbutt, horns 2, iridescent scales 1, dopey 1, strong-willed 1,
sense surroundings 1
a: Renounce Religion, Minor Destruction, Lesser Servant of Makhleb, Major
Destruction


You were on level 11 of the Dungeon.
You worshipped Makhleb.
Makhleb was greatly pleased with you.
You visited 2 branches of the dungeon, and saw 12 of its levels.
You also visited: Ossuary.

You collected 468 gold pieces.

Inventory:

Hand Weapons
 a - a +0 morningstar (weapon)
 h - a +1 whip of electrocution
Missiles
 j - 3 atropa-tipped darts
 l - 65 poisoned darts (quivered)
 t - 14 boomerangs
 B - 15 javelins
Armour
 i - a +0 tower shield (worn)
 m - a +0 pair of boots (worn)
 u - a +0 cloak (worn)
 D - a +1 scale mail of cold resistance (worn)
Jewellery
 c - a ring of poison resistance (left hand)
 n - a ring of protection from cold (right hand)
Wands
 s - a wand of paralysis (8)
 y - a wand of acid (10)
 E - a wand of iceblast (10)
 J - a wand of digging (3)
Scrolls
 o - 4 scrolls of teleportation
 p - 7 scrolls of identify
 q - 2 scrolls of blinking
 r - 2 scrolls of remove curse
 w - 2 scrolls of enchant weapon
 x - 2 scrolls of enchant armour
 C - 3 scrolls of fear
 F - a scroll of magic mapping {unknown}
 G - a scroll of immolation
 I - a scroll of silence {unknown}
 K - a scroll of vulnerability {unknown}
Potions
 b - a potion of magic
 d - 6 potions of might
 e - 4 potions of lignification
 f - 6 potions of curing
 g - a potion of berserk rage
 k - 2 potions of attraction
 v - 2 potions of mutation
 z - 2 potions of haste
 A - a potion of resistance


   Skills:
 + Level 8.1 Fighting
 * Level 10.7 Maces & Flails
 + Level 5.8 Throwing
 + Level 8.2 Armour
 + Level 6.6 Dodging
 + Level 8.3 Shields
 + Level 6.0 Invocations
 + Level 5.3 Evocations


You had 10 spell levels left.
You didn't know any spells.
Your spell library contained the following spells:

 Spells                   Type           Power        Failure   Level
 Animate Skeleton         Necr           0%           100%        1
 Apportation              Tloc           0%           100%        1
 Corona                   Hex            0%           100%        1
 Freeze                   Ice            0%           100%        1
 Pain                     Necr           0%           100%        1
 Summon Small Mammal      Summ           0%           100%        1
 Slow                     Hex            0%           100%        2
 Frozen Ramparts          Ice            0%           100%        3
 Inner Flame              Hex/Fire       0%           100%        3
 Ozocubu's Armour         Ice            0%           100%        3
 Portal Projectile        Hex/Tloc       0%           100%        3
 Vampiric Draining        Necr           0%           100%        3
 Animate Dead             Necr           0%           100%        4
 Cause Fear               Hex            0%           100%        4
 Hailstorm                Conj/Ice       0%           100%        4
 Leda's Liquefaction      Hex/Erth       0%           100%        4
 Summon Ice Beast         Ice/Summ       0%           100%        4
 Agony                    Necr           0%           100%        5


Dungeon Overview and Level Annotations

Branches:
Dungeon (11/15)            Temple (1/1) D:5            Lair (0/6) D:10
    Orc (0/2) D:11        Ossuary (visited)

Altars:
Ashenzari
Cheibriados
Dithmenos
Elyvilon
Fedhas
Gozag
Hepliaklqana
Kikubaaqudgha
Makhleb
Nemelex Xobeh
Okawaru
Qazlal
Ru
Sif Muna
Trog
Uskayaw
Vehumet
Wu Jian
Xom
Yredelemnul
Zin
The Shining One

Shops:
D:6 :

Annotations:
D:3 2 runed translucent doors, pkoi's ghost, amateur MiGl


Innate Abilities, Weirdness & Mutations

You reflexively headbutt those who attack you in melee.
You have a pair of horns on your head.
You are partially covered in iridescent scales. (AC +2)
You are dopey. (Int -2)
You are strong-willed. (Will+)
You passively map a small area around you.


Message History

The boulder beetle is moderately wounded.
The boulder beetle bites you!
* * * LOW HITPOINT WARNING * * *
You thump the boulder beetle!
The boulder beetle is heavily wounded.
You are no longer berserk.
You pass out from exhaustion.
You feel yourself slow down.
The boulder beetle bites you but does no damage.
The boulder beetle bites you.
* * * LOW HITPOINT WARNING * * *
The boulder beetle barely misses you.
The boulder beetle leaps!
You can move again.
The boulder beetle curls into a ball and begins rolling!
Items here: ))) [.
There is a stone staircase leading up here.
The boulder beetle hits you!!!
Ouch! That really hurt!
You die...

* , , , * *** ,
* , , , , .# ,,
* , ...## ,, ,
, 8..... * * **
......#######
........))..#
>..°.8B@)#### *
, ..°.°○....#
......#...#
8.....#..... *
,...##*#..####*
* ..,, ...., ,
. , .... ,
...... ,, ,


You could see a boulder beetle.

Vanquished Creatures
  A centaur warrior (D:10)
  2 two-headed ogres
  Pikel (D:5)
  A komodo dragon (D:10)
  Grinder (D:3)
  A hornet (D:10)
  A wraith (D:10)
  Sigmund (D:2)
  14 yaks
  A steam dragon (D:10)
  Edmund (D:6)
  4 water moccasins
  4 orc warriors
  An ice beast (D:6)
  3 black bears (D:10)
  A phantom (D:10)
  A sky beast (D:7)
  3 necrophages
  4 ogres
  4 centaurs
  2 big kobolds
  9 bullfrogs
  2 elf zombies (Ossuary)
  2 wyvern zombies
  2 scorpions
  7 killer bees
  11 wights
  A howler monkey (D:7)
  A bullfrog zombie (D:7)
  A centaur zombie (D:6)
  4 orc priests
  3 jellies
  A human zombie (Ossuary)
  5 hounds
  A bullfrog skeleton (D:5)
  3 iguanas
  12 orc wizards
  8 worker ants
  A killer bee zombie (D:7)
  4 mummies (Ossuary)
  3 worker ant zombies
  Robin (D:1)
  8 gnolls
  8 adders
  3 shadow imps
  5 white imps
  3 ufetubi
  5 adder zombies
  An ooze (D:3)
  An adder skeleton (D:8)
  3 worms
  2 dart slugs
  5 leopard geckos
  32 orcs
  3 giant cockroaches
  2 gnoll zombies (D:8)
  17 goblins
  9 hobgoblins
  11 jackals
  3 quokkas
  6 bats
  7 frilled lizards
  A goblin zombie (Ossuary)
  A jackal zombie (Ossuary)
  18 kobolds
  A leopard gecko skeleton (D:4)
  3 orc zombies (Ossuary)
  6 rats
  A rat zombie (Ossuary)
299 creatures vanquished.

Vanquished Creatures (others)
  2 orc wizards (D:10)
  36 fungi (D:10)
  25 plants (D:10)
63 creatures vanquished.

Grand Total: 362 creatures vanquished

Notes
Turn   | Place    | Note
-------+----------+-------------------------------------------
     0 | D:1      | trckry the Minotaur Fighter began the quest for the Orb.
     0 | D:1      | Reached XP level 1. HP: 19/19 MP: 0/0
    99 | D:1      | Reached XP level 2. HP: 27/27 MP: 1/1
   635 | D:2      | Noticed Robin
   637 | D:2      | Reached XP level 3. HP: 33/33 MP: 2/2
   650 | D:2      | Reached skill level 3 in Maces & Flails
   684 | D:1      | Killed Robin
   685 | D:1      | Reached skill level 1 in Dodging
   812 | D:2      | Reached skill level 1 in Invocations
   924 | D:2      | Reached skill level 1 in Throwing
   924 | D:2      | Reached XP level 4. HP: 35/40 MP: 3/3
  1645 | D:2      | Noticed Sigmund
  1677 | D:2      | HP: 4/40 [something/magic dart (4)]
  1971 | D:2      | Killed Sigmund
  1972 | D:2      | Reached skill level 4 in Maces & Flails
  1972 | D:2      | Reached skill level 1 in Evocations
  1972 | D:2      | Reached XP level 5. HP: 18/46 MP: 3/5
  2375 | D:2      | Gained mutation: You are frail. (-10% HP) [potion of
                  | mutation]
  2375 | D:2      | Gained mutation: You are partially covered in iridescent
                  | scales. (AC +2) [potion of mutation]
  2375 | D:2      | Gained mutation: You are occasionally teleported next to
                  | monsters. [potion of mutation]
  2375 | D:2      | Gained mutation: Your system is resistant to poisons.
                  | (rPois) [potion of mutation]
  2414 | D:2      | Reached XP level 6. HP: 45/46 MP: 6/6
  2626 | D:3      | Noticed Grinder
  2629 | D:3      | Paralysed by Grinder for 2 turns
  2635 | D:3      | Paralysed by Grinder for 4 turns
  2638 | D:3      | HP: 2/46 [Grinder (7)]
  2658 | D:3      | Paralysed by Grinder for 3 turns
  2664 | D:3      | Killed Grinder
  2665 | D:3      | Reached XP level 7. HP: 8/54 MP: 7/7
  3065 | D:3      | Lost mutation: Your system is resistant to poisons. (rPois)
                  | [potion of mutation]
  3065 | D:3      | Lost mutation: You are partially covered in iridescent
                  | scales. (AC +2) [potion of mutation]
  3065 | D:3      | Lost mutation: You are frail. (-10% HP) [potion of
                  | mutation]
  3065 | D:3      | Gained mutation: Your mind is acute. (Int +2) [potion of
                  | mutation]
  3065 | D:3      | Gained mutation: You have sharp toenails. [potion of
                  | mutation]
  3167 | D:3      | Found a large runed translucent door.
  3167 | D:3      | Found a large runed translucent door.
  3169 | D:3      | Noticed pkoi's ghost (amateur MiGl)
  3395 | D:4      | You fall into a shaft and drop 1 floor!
  3395 | D:5      | Entered Level 5 of the Dungeon
  3432 | D:4      | Reached skill level 5 in Maces & Flails
  3890 | D:4      | Reached skill level 5 in Shields
  4074 | D:4      | Lost mutation: You have sharp toenails. [potion of
                  | mutation]
  4074 | D:4      | Lost mutation: Your mind is acute. (Int +2) [potion of
                  | mutation]
  4074 | D:4      | Lost mutation: You are occasionally teleported next to
                  | monsters. [potion of mutation]
  4074 | D:4      | Gained mutation: You are strong-willed. (Will+) [potion of
                  | mutation]
  4074 | D:4      | Gained mutation: You are dopey. (Int -2) [potion of
                  | mutation]
  4074 | D:4      | Gained mutation: You are partially covered in iridescent
                  | scales. (AC +2) [potion of mutation]
  4074 | D:4      | Gained mutation: You passively map a small area around you.
                  | [potion of mutation]
  4354 | D:5      | Found a staircase to the Ecumenical Temple.
  4377 | Temple   | Entered the Ecumenical Temple
  4477 | Temple   | Became a worshipper of Makhleb the Destroyer
  4560 | D:5      | Reached skill level 5 in Armour
  4578 | D:5      | Noticed Pikel
  4582 | D:5      | Reached skill level 5 in Fighting
  4603 | D:5      | HP: 1/61 [Pikel/+1 whip of electrocution (13)]
  4605 | D:5      | Killed Pikel
  4606 | D:5      | Reached skill level 6 in Maces & Flails
  4606 | D:5      | Reached XP level 8. HP: 25/68 MP: 7/9
  5376 | D:6      | Found Peqiuw's Book Shop.
  5524 | D:6      | Reached skill level 7 in Maces & Flails
  5580 | D:6      | Reached XP level 9. HP: 54/73 MP: 10/10
  5701 | D:6      | Reached * piety under Makhleb
  5747 | D:6      | Found a sand-covered staircase.
  5755 | Ossuary  | Entered an ossuary
  6431 | D:6      | Noticed Edmund
  6462 | D:6      | Killed Edmund
  6855 | D:7      | Reached skill level 8 in Maces & Flails
  7025 | D:7      | Reached ** piety under Makhleb
  7251 | D:7      | Reached skill level 5 in Dodging
  7802 | D:8      | Reached XP level 10. HP: 84/84 MP: 12/12
  7848 | D:8      | Reached *** piety under Makhleb
  7915 | D:8      | Got a topaz-encrusted scale mail
  7926 | D:8      | Identified the cursed +0 scale mail of Quostriex {-Cast
                  | +Fly rF- Dex+8} (You found it on level 8 of the Dungeon)
  7950 | D:8      | Found a basalt altar of Yredelemnul.
  8006 | D:8      | Noticed a two-headed ogre
  8015 | D:8      | Killed a two-headed ogre
  8016 | D:8      | Reached skill level 9 in Maces & Flails
  8616 | D:9      | Reached skill level 5 in Invocations
  8622 | D:9      | Reached skill level 5 in Throwing
  9136 | D:10     | Entered Level 10 of the Dungeon
  9136 | D:10     | Noticed a centaur warrior
  9143 | D:10     | Killed a centaur warrior
  9244 | D:10     | Reached skill level 10 in Maces & Flails
  9254 | D:10     | Found a staircase to the Lair.
  9278 | D:10     | Reached **** piety under Makhleb
  9300 | D:10     | Reached XP level 11. HP: 73/92 MP: 14/14
  9345 | D:10     | Reached skill level 5 in Evocations
 10733 | D:10     | Noticed a two-headed ogre
 10737 | D:10     | Killed a two-headed ogre
 10912 | D:11     | Found a staircase to the Orcish Mines.
 10912 | D:11     | Noticed a boulder beetle
 10953 | D:11     | Annihilated by a boulder beetle

Illustrated notes

Levels and vault maps discovered:
D:1:      dpeg_arrival_windows_large_door, layout_rooms,
          minmay_tree_intersection
D:2:      layout_basic, uniq_sigmund, uniq_robin
D:3:      layout_basic, ebering_ghost_disaster_area, serial_glass,
          glass_columns_a, glass_columns_b, uniq_grinder
D:4:      layout_basic, due_unseen_surprise
D:5:      layout_loops_corners, minmay_temple_entry_nine_rooms, uniq_pikel
D:6:      layout_basic, nicolae_ossuary_entry_ruins, serial_shops,
          nicolae_shop_statue_plus, minmay_a_box_with_orc_wizards_in_it,
          uniq_edmund
D:7:      layout_basic
D:8:      layout_loops_ring, lemuel_zombie_altar_yredelemnul
D:9:      layout_irregular_city
D:10:     layout_stronghold, due_lair_maze_entry_diamond, eino_tiny_chamber,
          chequers_serial_rivers_room_a
D:11:     layout_rooms, david_orc_2, enter_trove_0, basic_altar, nrook_campfire,
          nicolae_benzene_ring, kennysheep_generic_room_2
Temple:   compressed_dpeg_circular_temple

Skill      XL: |  1  2  3  4  5  6  7  8  9 10 11 |
---------------+----------------------------------+-----
Maces & Flails | 3 4 6 7 8 10 | 10.7
Dodging        | 1 2 3 4 5 6 |  6.6
Invocations    | 1 2 3 4 5 6 |  6.0
Shields        | 4 5 6 7 8 |  8.3
Throwing       | 1 2 3 4 5 |  5.8
Fighting       | 4 5 6 7 8 |  8.1
Armour         | 4 5 6 7 8 |  8.2
Evocations     | 1 2 3 4 5 |  5.3

Action                   |  1- 3 |  4- 6 |  7- 9 | 10-12 || total
-------------------------+-------+-------+-------+-------++-------
Melee: Flail             |   110 |   100 |   508 |   149 ||   867
       Headbutt          |    20 |    11 |   101 |   101 ||   233
       Morningstar       |       |       |       |   285 ||   285
Throw: Dart              |       |    13 |     4 |     5 ||    22
       Boomerang         |       |       |     5 |       ||     5
  Use: Scroll            |       |     9 |     4 |     1 ||    14
       Potion            |       |     6 |     6 |     2 ||    14
Armor: Scale mail        |    62 |    38 |    99 |   143 ||   342
       Chain mail        |       |       |    66 |    15 ||    81
Dodge: Dodged            |    34 |    33 |   129 |    91 ||   287
Block: Kite shield       |    80 |    49 |       |       ||   129
       Tower shield      |       |    17 |   436 |   389 ||   842
